 Dungeon Crawl Stone Soup version 0.28-a0-1389-gc726bef33b (webtiles) character file.

Game seed: 5391043946807766055

24411 Deminshera the Grand Scion (level 13, -8/99 HPs)
             Began as a Merfolk Monk on Jan 3, 2022.
             Was a High Priest of Hepliaklqana.
             Mangled by a three-headed hydra (9 damage)
             ... on level 3 of the Lair of Beasts.
             The game lasted 00:24:46 (14835 turns).

Deminshera the Grand Scion (Merfolk Monk)          Turns: 14835, Time: 00:24:47

Health: -8/99      AC: 19    Str: 25    XL:     13   Next: 13%
Magic:  25/25      EV: 12    Int: 10    God:    Hepliaklqana [*****.]
Gold:   652        SH:  0    Dex: 17    Spells: 12/12 levels left

rFire   + . .      SeeInvis +   H - +2 halberd (flame)
rCold   . . .      Faith    .   (shield currently unavailable)
rNeg    + + .      Spirit   .   J - +6 chain mail of Feinian {rF+ Str+4}
rPois   +          Reflect  .   (no helmet)
rElec   .          Harm     .   D - +2 cloak
rCorr   .          Rampage  .   G - +0 pair of gloves "Fuonlogul" {rN++ SInv}
Will    .....                   (no boots)
Stlth   ..........              b - amulet of regeneration
HPRegen 1.06/turn               I - ring of poison resistance
MPRegen 0.19/turn               f - +6 ring of strength

@: no status effects
A: reduced essence, (nimble swimmer 2), mertail
a: Renounce Religion, Recall Ancestor, Ancestor Identity, Transference, Idealise


You were on level 3 of the Lair of Beasts.
You worshipped Hepliaklqana.
Hepliaklqana was extremely pleased with you.
You visited 3 branches of the dungeon, and saw 16 of its levels.

You collected 889 gold pieces.
You spent 237 gold pieces at shops.

Inventory:

Hand Weapons
 k - the +11 dagger of Causality {vorpal, rF- Will- Str+4 SInv}
   (You found it on level 2 of the Dungeon)

   It inflicts extra damage upon your enemies.
   Str:       It affects your strength (+4).
   rF:        It makes you vulnerable to fire.
   SInv:      It lets you see invisible.
   Will:      It decreases your willpower.
 H - a +2 halberd of flaming (weapon)
Missiles
 F - 3 throwing nets (quivered)
Armour
 u - +1 steam dragon scales
 D - a +2 cloak (worn)
 G - the +0 pair of gloves "Fuonlogul" (worn) {rN++ SInv}
   (You found it on level 9 of the Dungeon)

   rN:        It greatly protects you from negative energy.
   SInv:      It lets you see invisible.
 J - the +6 chain mail of Feinian (worn) {rF+ Str+4}
   (You bought it in a shop on level 10 of the Dungeon)

   Str:       It affects your strength (+4).
   rF:        It protects you from fire.
Jewellery
 b - an amulet of regeneration (around neck)
 e - a ring of ice
 f - a +6 ring of strength (right hand)
 s - a ring of wizardry
 A - a ring of protection from fire
 I - a ring of poison resistance (left hand)
Wands
 i - a wand of polymorph (1)
 r - a wand of mindburst (17)
 t - a wand of charming (16)
 v - a wand of acid (11)
 z - a wand of iceblast (15)
Scrolls
 c - 6 scrolls of identify
 j - a scroll of holy word
 o - 7 scrolls of teleportation
 p - a scroll of enchant armour
 w - a scroll of amnesia
 y - 4 scrolls of summoning
 E - a scroll of brand weapon
 K - 2 scrolls of fog
 L - a scroll of fear
Potions
 a - 2 potions of degeneration
 d - 2 potions of cancellation
 g - 3 potions of mutation
 h - 3 potions of heal wounds
 l - 3 potions of brilliance
 m - 2 potions of attraction
 n - 2 potions of curing
 q - a potion of haste
 x - a potion of flight
 B - a potion of magic
 C - 2 potions of lignification
 M - 2 potions of invisibility


   Skills:
 + Level 13.4 Fighting
 + Level 11.4 Polearms
 - Level 4.0 Armour
 - Level 7.0 Dodging
 - Level 4.0 Stealth
 + Level 16.1 Invocations


You had 12 spell levels left.
You didn't know any spells.
Your spell library contained the following spells:

 Spells                   Type           Power      Damage    Failure   Level
 Beastly Appendage        Tmut           0%         N/A       94%         1
 Magic Dart               Conj           0%         1d3       94%         1
 Pain                     Necr           0%         1d4       94%         1
 Shock                    Conj/Air       0%         1d3       94%         1
 Summon Small Mammal      Summ           0%         N/A       94%         1
 Blink                    Tloc           0%         N/A       98%         2
 Call Imp                 Summ           0%         N/A       98%         2
 Scorch                   Fire           0%         2d5       98%         2
 Searing Ray              Conj           0%         2d4       98%         2
 Wereblood                Tmut           0%         N/A       98%         2
 Call Canine Familiar     Summ           0%         N/A       100%        3
 Conjure Flame            Conj/Fire      0%         6-21      100%        3
 Ignite Poison            Fire/Tmut/Pois 0%         N/A       100%        3
 Lesser Beckoning         Tloc           0%         N/A       100%        3
 Mephitic Cloud           Conj/Pois/Air  0%         N/A       100%        3
 Portal Projectile        Hex/Tloc       0%         N/A       100%        3
 Spider Form              Tmut/Pois      0%         N/A       100%        3
 Summon Guardian Golem    Hex/Summ       0%         N/A       100%        3
 Flame Wave               Conj/Fire      0%         2d4       100%        4
 Fulminant Prism          Conj/Hex       0%         3d6       100%        4
 Leda's Liquefaction      Hex/Erth       0%         N/A       100%        4
 Sticky Flame             Conj/Fire      0%         2d3       100%        4
 Summon Lightning Spire   Summ/Air       0%         N/A       100%        4
 Agony                    Necr           0%         N/A       100%        5
 Excruciating Wounds      Necr           0%         N/A       100%        5
 Freezing Cloud           Conj/Ice/Air   0%         6-21      100%        5
 Manifold Assault         Tloc           0%         N/A       100%        5
 Simulacrum               Ice/Necr       0%         N/A       100%        6
 Summon Cactus Giant      Summ           0%         N/A       100%        6
 Chain Lightning          Conj/Air       0%         N/A       100%        9
 Polar Vortex             Ice            0%         N/A       100%        9


Dungeon Overview and Level Annotations

Branches:
Dungeon (11/15)            Temple (1/1) D:4            Lair (4/6) D:10
  Swamp (0/4) Lair:2       Spider (0/4) Lair:2          Orc (0/2) D:10

Altars:
Ashenzari
Cheibriados
Dithmenos
Elyvilon
Fedhas
Gozag
Hepliaklqana
Kikubaaqudgha
Makhleb
Nemelex Xobeh
Okawaru
Qazlal
Ru
Sif Muna
Trog
Uskayaw
Vehumet
Wu Jian
Xom
Yredelemnul
Zin
The Shining One
Beogh

Shops:
D:1 *??   D:6 *   D:8 *=   D:10 [(=(*

Annotations:
Lair:4 Sonja


Innate Abilities, Weirdness & Mutations

Your life essence is reduced to manifest your ancestor. (-10% HP)
((You are very nimble when in or above water. (Stealth+, EV+, Speed+++)))
Your lower body shifts to a powerful aquatic tail in water.


Message History

The six-headed hydra is moderately wounded.
The six-headed hydra barely misses you. x2
The six-headed hydra closely misses you.
The six-headed hydra bites you but does no damage. x3
The six-headed hydra closely misses you.
The six-headed hydra bites you! x2
The six-headed hydra bites you but does no damage. x2
The six-headed hydra bites you.
You slice one of the six-headed hydra's heads off!
The flame cauterises the wound!
You slash the five-headed hydra! You burn the five-headed hydra.
The five-headed hydra is heavily wounded.
The five-headed hydra closely misses you.
The five-headed hydra bites you but does no damage.
The five-headed hydra bites you!
The five-headed hydra closely misses you. x2
You chop one of the five-headed hydra's heads off!
The flame cauterises the wound!
You puncture the four-headed hydra! You burn the four-headed hydra.
The four-headed hydra is heavily wounded.
The four-headed hydra closely misses you.
The four-headed hydra bites you but does no damage. x2
The four-headed hydra bites you!
* * * LOW HITPOINT WARNING * * *
You lop one of the four-headed hydra's heads off!
The flame cauterises the wound!
You slash the three-headed hydra! You burn the three-headed hydra.
The three-headed hydra is severely wounded.
You feel yourself speed up. The three-headed hydra bites you!
* * * LOW HITPOINT WARNING * * *
The three-headed hydra barely misses you.
The three-headed hydra bites you.
* * * LOW HITPOINT WARNING * * *
The three-headed hydra bites you!
* * * LOW HITPOINT WARNING * * *
The three-headed hydra bites you.
* * * LOW HITPOINT WARNING * * *
The three-headed hydra bites you!
You die...

.......#####........# #..<
.#.......#.#........## ##..
.....♣...##..........####### #.(
.#.........#........###.##P####..
..###......##....................
.##...#..♣..###..#...............
.............##.♣.#..............
.............#..D..#.............
....♣..♣.>.♣.'..@.♣..............
.............#.....#.............
#............#..♣(##......<......
###..##..♣..######...............
.####......## #######.##...##P
..........## ##..######
.....♣...## #### ........##
........#


You could see a three-headed hydra.

Vanquished Creatures
  4 hydras
  Nergalle (D:11)
  A lindwurm (Lair:3)
  4 black mambas
  2 cane toads (Lair:3)
  A gargoyle (D:6)
  3 rime drakes
  A kobold demonologist (D:10)
  3 blink frogs
  Sigmund (D:5)
  A wyvern (D:10)
  11 yaks
  3 basilisks
  3 swamp worms (Lair:2)
  A warg (D:10)
  An acid dragon (D:10)
  4 water moccasins
  A black bear (D:5)
  2 orc warriors
  2 necrophages
  4 centaurs
  3 wolves
  2 ogres
  5 scorpions
  10 bullfrogs
  2 wyvern skeletons
  A water moccasin skeleton (D:3)
  2 killer bees (D:10)
  3 howler monkeys
  2 centaur zombies
  3 jellies
  5 orc priests
  2 bullfrog skeletons
  An iguana (Lair:2)
  Ijyb (D:5)
  4 orc wizards
  2 killer bee zombies
  A howler monkey zombie (D:9)
  2 gnolls (D:9)
  2 howler monkey skeletons
  4 adders
  A shadow imp (D:6)
  5 worms
  3 dart slugs
  33 orcs
  6 ball pythons
  4 endoplasms
  2 giant cockroaches
  9 goblins
  4 hobgoblins
  11 jackals
  6 quokkas
  5 bats
  9 frilled lizards
  5 kobolds
  8 rats
222 creatures vanquished.

Vanquished Creatures (collateral kills)
  Erolcha (D:9)
  Fannar (Lair:1)
  A catoblepas (Lair:3)
  A two-headed ogre (D:8)
  Maurice (D:8)
  A cane toad (Lair:2)
  Prince Ribbit (D:5)
  10 blink frogs
  9 yaks
  3 basilisks (D:10)
  A wyvern (D:11)
  4 vampire mosquitoes (D:11)
  A steam dragon (D:5)
  A swamp worm (Lair:2)
  Edmund (D:5)
  3 water moccasins (Lair:1)
  5 orc warriors (D:10)
  An ice beast (D:7)
  A sky beast (D:7)
  2 wolves
  2 centaurs
  2 scorpions
  3 bullfrogs
  A water moccasin zombie (D:6)
  A wyvern skeleton (D:7)
  3 killer bees (D:10)
  4 wights (D:8)
  A howler monkey (D:9)
  2 centaur zombies
  2 hounds
  A jelly (D:6)
  2 orc priests
  A gnoll shaman (D:9)
  A centaur skeleton (D:7)
  3 orc wizards
  An iguana (D:5)
  A howler monkey zombie (D:8)
  2 gnolls (D:9)
  An adder (D:6)
  2 white imps
  An ufetubus (D:11)
  22 orcs
  2 giant cockroaches (Lair:2)
110 creatures vanquished.

Vanquished Creatures (others)
  12 battlemagi
  19 fungi
  8 plants
39 creatures vanquished.

Grand Total: 371 creatures vanquished

Notes
Turn   | Place    | Note
-------+----------+-------------------------------------------
     0 | D:1      | Deminshera the Merfolk Monk began the quest for the Orb.
     0 | D:1      | Reached XP level 1. HP: 18/18 MP: 1/1
    44 | D:1      | Reached XP level 2. HP: 7/24 MP: 2/2
   468 | D:1      | Found Ruobolo's Magic Scroll Boutique.
   821 | D:1      | Reached XP level 3. HP: 29/29 MP: 3/3
  1027 | D:1      | Found Lywad's Magic Scroll Boutique.
  1080 | D:1      | Found Igetyij's Assorted Antiques.
  1370 | D:2      | Reached skill level 5 in Polearms
  1786 | D:2      | Reached XP level 4. HP: 37/37 MP: 4/4
  1986 | D:2      | Identified the +11 dagger of Causality {vorpal, rF- Will-
                  | Str+4 SInv}
  2044 | D:2      | Found a sparkling altar of Nemelex Xobeh.
  2242 | D:3      | Found a white marble altar of Elyvilon.
  2314 | D:3      | Noticed a necrophage
  2323 | D:3      | Killed a necrophage
  2324 | D:3      | Reached skill level 5 in Dodging
  2324 | D:3      | Reached XP level 5. HP: 30/43 MP: 5/5
  2326 | D:3      | Reached skill level 5 in Fighting
  2554 | D:3      | Got the Guide on Air
  2699 | D:3      | Reached XP level 6. HP: 51/51 MP: 6/6
  2752 | D:3      | Found a faded altar of an unknown god.
  3250 | D:4      | Found a faded altar of an unknown god.
  3426 | D:4      | Found a staircase to the Ecumenical Temple.
  3442 | Temple   | Entered the Ecumenical Temple
  3642 | Temple   | Became a worshipper of Hepliaklqana the Forgotten
  3642 | Temple   | Reached * piety under Hepliaklqana
  3642 | Temple   | Reached ** piety under Hepliaklqana
  3643 | Temple   | Remembered your ancestor Inhapi as a battlemage
  3926 | D:5      | Entered Level 5 of the Dungeon
  3939 | D:5      | Noticed Edmund
  3944 | D:5      | Reached XP level 7. HP: 44/50 MP: 7/7
  3946 | D:5      | Killed Edmund
  3947 | D:5      | Reached skill level 1 in Invocations
  3954 | D:5      | Noticed Prince Ribbit
  3967 | D:5      | Killed Prince Ribbit
  3968 | D:5      | Reached skill level 2 in Invocations
  4220 | D:5      | Reached skill level 3 in Invocations
  4220 | D:5      | Reached XP level 8. HP: 58/58 MP: 10/10
  4273 | D:5      | Noticed Sigmund
  4284 | D:5      | Killed Sigmund
  4285 | D:5      | Reached skill level 4 in Invocations
  4420 | D:5      | Noticed Ijyb
  4422 | D:5      | Killed Ijyb
  4423 | D:5      | Found a bloodstained altar of Trog.
  4868 | D:5      | Found a glowing silver altar of Zin.
  4868 | D:5      | Noticed an angel
  4992 | D:6      | Reached skill level 5 in Invocations
  5020 | D:6      | Found a burning altar of Makhleb.
  5033 | D:6      | Noticed a gargoyle
  5035 | D:6      | Reached skill level 6 in Invocations
  5301 | D:5      | Reached XP level 9. HP: 66/66 MP: 13/13
  5434 | D:6      | Killed a gargoyle
  5435 | D:6      | Reached skill level 8 in Invocations
  5681 | D:6      | Found an ornate altar of the Wu Jian Council.
  5681 | D:6      | Found a broken altar of Ashenzari.
  5772 | D:6      | Found Xupoerur's General Store.
  6198 | D:7      | Reached skill level 9 in Invocations
  6355 | D:7      | Found an ancient bone altar of Kikubaaqudgha.
  6493 | D:7      | Found a burning altar of Makhleb.
  6534 | D:7      | Reached *** piety under Hepliaklqana
  6555 | D:7      | Found a glowing golden altar of the Shining One.
  6557 | D:7      | Found a basalt altar of Yredelemnul.
  6557 | D:7      | Found a shimmering altar of Xom.
  6561 | D:7      | Found a shimmering altar of Xom.
  6561 | D:7      | Found a sacrificial altar of Ru.
  6561 | D:7      | Found a shadowy altar of Dithmenos.
  6607 | D:7      | Reached skill level 10 in Invocations
  7221 | D:8      | Noticed Maurice
  7223 | D:8      | Found Zaonibb's Changing Room.
  7251 | D:8      | Killed Maurice
  7252 | D:8      | Reached skill level 1 in Armour
  7320 | D:8      | Reached XP level 10. HP: 72/72 MP: 17/17
  7333 | D:8      | Found Contozum's Jewellery Shop.
  7981 | D:8      | Noticed a two-headed ogre
  8275 | D:8      | Killed a two-headed ogre
  8530 | D:8      | Reached **** piety under Hepliaklqana
  8942 | D:9      | Identified the +0 pair of gloves "Fuonlogul" {rN++ SInv}
  9159 | D:9      | Found a hide-covered altar of Uskayaw.
  9382 | D:9      | Reached ***** piety under Hepliaklqana
  9408 | D:9      | Noticed Erolcha
  9418 | D:9      | Killed Erolcha
  9419 | D:9      | Reached skill level 11 in Invocations
  9548 | D:10     | Entered Level 10 of the Dungeon
  9548 | D:10     | Found Guvan's Assorted Antiques.
  9549 | D:10     | Found Edghur's Antique Weapon Emporium.
  9585 | D:10     | Noticed a kobold demonologist
  9594 | D:10     | Killed a kobold demonologist
  9618 | D:10     | Found Ludghiy's Weapon Boutique.
  9625 | D:10     | Found Idolit's Antique Armour Shop.
  9634 | D:10     | Bought a polished chain mail for 237 gold pieces
  9634 | D:10     | Identified the +6 chain mail of Feinian {rF+ Str+4} (You
                  | bought it in a shop on level 10 of the Dungeon)
  9654 | D:10     | Found a staircase to the Orcish Mines.
 10073 | D:10     | Found a staircase to the Lair.
 10078 | D:10     | Reached skill level 10 in Fighting
 10078 | D:10     | Reached XP level 11. HP: 78/81 MP: 19/19
 10246 | D:10     | Reached skill level 12 in Invocations
 10382 | D:10     | Found Piagiepp's Jewellery Emporium.
 10641 | D:10     | Found a blossoming altar of Fedhas.
 10641 | D:10     | Found a snail-covered altar of Cheibriados.
 10642 | D:10     | Found a shimmering blue altar of Sif Muna.
 10669 | D:10     | Found a sparkling altar of Nemelex Xobeh.
 11485 | D:11     | Noticed Nergalle
 11497 | D:11     | Killed Nergalle
 11498 | D:11     | Reached skill level 13 in Invocations
 11513 | D:11     | Noticed a boulder beetle
 11786 | Lair:1   | Entered Level 1 of the Lair of Beasts
 11891 | Lair:1   | Reached skill level 14 in Invocations
 11898 | Lair:1   | Reached XP level 12. HP: 86/91 MP: 22/22
 12102 | Lair:1   | Noticed Fannar
 12118 | Lair:1   | Killed Fannar
 12639 | Lair:1   | Reached skill level 15 in Invocations
 12809 | Lair:2   | Noticed a seven-headed hydra
 12906 | Lair:1   | Killed a four-headed hydra
 13188 | Lair:2   | Noticed an eight-headed hydra
 13189 | Lair:2   | Noticed a seven-headed hydra
 13194 | Lair:2   | Killed a four-headed hydra
 13235 | Lair:2   | Killed a one-headed hydra
 13446 | Lair:2   | Reached skill level 10 in Polearms
 13480 | Lair:2   | Found a staircase to the Swamp.
 13687 | Lair:2   | Noticed a four-headed hydra
 13696 | Lair:2   | Killed a one-headed hydra
 13816 | Lair:2   | Found a hole to the Spider Nest.
 14012 | Lair:3   | Noticed a catoblepas
 14022 | Lair:3   | Killed a catoblepas
 14206 | Lair:3   | Reached XP level 13. HP: 99/99 MP: 24/24
 14372 | Lair:3   | Reached skill level 16 in Invocations
 14815 | Lair:4   | Noticed Sonja
 14835 | Lair:3   | HP: 1/99 [three-headed hydra (4)]
 14835 | Lair:3   | Mangled by a three-headed hydra

Illustrated notes

Levels and vault maps discovered:
D:1:      minmay_arrival_four_circles, layout_basic, serial_shops,
          nicolae_shop_competitors_out_of_business, nicolae_shop_waterfront,
          nicolae_shop_trees, minmay_misc_feat_tower
D:2:      layout_basic, basic_altar, serial_bayou_pond_e,
          minmay_stone_trees_medium
D:3:      layout_loops_ring, overflow_temple_1_default,
          dreamdust_ecumenical_altar_grove, hangedman_glass_teeth
D:4:      layout_cave_pools, temple_pool_b, serial_column_ruins,
          column_ruins_temple_circle, column_ruins_columns_straight,
          column_ruins_open_medium, column_ruins_grid_4, column_ruins_open_tiny
D:5:      layout_basic, zin_angel, trog_book, uniq_sigmund, uniq_edmund,
          uniq_ijyb, uniq_prince_ribbit1
D:6:      layout_layer_cave, grunt_temple_overflow_open, serial_shops,
          nicolae_square_shop, minmay_ruined_shrine
D:7:      layout_basic, mainiacjoe_overflow_alcove_4, doesnt_xom_only_xom,
          mainiacjoe_overflow_boulevard
D:8:      layout_loops_corners, serial_shops, kennysheep_little_box,
          nicolae_transmutations_shop, uniq_maurice
D:9:      layout_irregular_city, nicolae_uskayaw_murder_on_the_dancefloor,
          uniq_erolcha
D:10:     layout_small_grid, chequers_temple_overflow_statue_of_worship,
          erik_lair_dragon, david_orc_3, special_room [special_room_orc],
          serial_shops, nicolae_shop_trees,
          nicolae_shop_competitors_out_of_business, shop,
          nicolae_shop_window_shopping, shop
D:11:     layout_cave_pools, serial_ice, serial_ice_g, serial_ice_h,
          serial_ice_l, serial_ice_a, uniq_urug, uniq_nergalle
Temple:   grunt_temple_mini_profane
Lair:1:   layout_misc_corridors, uniq_fannar
Lair:2:   layout_small_grid, palyth_hydra_swamp_entry,
          nicolae_spider_entry_non_spiders
Lair:3:   layout_big_grid, grunt_megastairs_3
Lair:4:   layout_hall_layers, grunt_megastairs_2, uniq_sonja

Skill      XL: |  1  2  3  4  5  6  7  8  9 10 11 12 13 |
---------------+----------------------------------------+-----
Polearms       | 5 6 8 10 11 | 11.4
Stealth        | 3 4 |  4.0
Fighting       | 4 5 6 8 10 12 13 | 13.4
Dodging        | 5 6 7 |  7.0
Invocations    | 3 6 10 11 14 15 16 | 16.1
Armour         | 1 4 |  4.0

Action                   |  1- 3 |  4- 6 |  7- 9 | 10-12 | 13-15 || total
-------------------------+-------+-------+-------+-------+-------++-------
Melee: Spear             |   174 |       |     2 |       |       ||   176
       Whip              |     9 |     5 |       |       |       ||    14
       Dagger            |       |    89 |   116 |    27 |       ||   232
       Halberd           |       |       |       |   443 |    28 ||   471
       Tailslap          |       |       |       |     1 |       ||     1
Invok: Ancestor Life: Ba |       |     1 |       |       |       ||     1
       Recall Ancestor   |       |       |     1 |     2 |       ||     3
       Idealise          |       |       |       |     4 |       ||     4
Evoke: Wand              |       |       |       |     1 |       ||     1
  Use: Potion            |       |       |       |     3 |       ||     3
       Scroll            |       |       |       |    22 |       ||    22
 Stab: Sleeping          |     8 |     4 |     9 |     1 |       ||    22
       Distracted        |     1 |       |     4 |     9 |       ||    14
Armor: Robe              |    27 |     7 |     1 |       |       ||    35
       Steam dragon scal |       |       |    14 |     4 |       ||    18
       Chain mail        |       |       |       |   300 |    29 ||   329
Dodge: Dodged            |   127 |    46 |   101 |   337 |    27 ||   638

Table legend: (Time is in decaauts)
 A = Elapsed time spent in this place.
 B = Non-inter-level travel time spent in this place.
 C = Inter-level travel time spent in this place.
 D = Time resting spent in this place.
 E = Time spent auto-exploring this place.
 F = Levels seen in this place.
 G = Mean time per level.
                   A        B        C        D        E       F      G
               +--------+--------+--------+--------+--------+-----+--------+
         Total |  14836 |  14300 |    536 |   3634 |   8355 |  16 |  927.2 |
       Dungeon |  11590 |  11211 |    379 |   2926 |   6523 |  11 | 1053.6 |
        Temple |    213 |    176 |     37 |      0 |    173 |   1 |  213.0 |
          Lair |   3032 |   2913 |    119 |    708 |   1659 |   4 |  758.0 |
               +--------+--------+--------+--------+--------+-----+--------+

Top non-repeatable levels by time:
    D:10: 1839 daAuts
     D:5: 1397 daAuts
     D:8: 1366 daAuts
     D:1: 1281 daAuts
     D:7: 1277 daAuts
  Lair:1: 1110 daAuts
  Lair:2: 1091 daAuts
     D:3: 953 daAuts
     D:2: 934 daAuts
     D:6: 847 daAuts
  Lair:3: 802 daAuts
     D:9: 735 daAuts
     D:4: 503 daAuts
    D:11: 453 daAuts
  Temple: 213 daAuts
